 Dungeon Crawl Stone Soup version 0.21-a0-529-g8c7b3f5d53 (webtiles) character file.

613 JackS81 the Bolt Thrower (level 7, -1/48 HPs)
             Began as a Formicid Arcane Marksman on Dec 10, 2017.
             Slain by an orc
             ... wielding a +0 short sword
              (5 damage)
             ... on level 4 of the Dungeon.
             The game lasted 00:22:07 (3999 turns).

JackS81 the Bolt Thrower (Formicid Arcane Marksman) Turns: 3999, Time: 00:22:07

Health: -1/48      AC:  2    Str: 15    XL:     7   Next: 72%
Magic:  9/10       EV: 12    Int: 13    God:
Gold:   170        SH:  0    Dex: 12    Spells: 3/10 levels left

rFire    . . .     SeeInvis +   h - +0 dagger
rCold    . . .     Gourm    .   (no shield)
rNeg     . . .     Faith    .   e - +0 robe
rPois    .         Spirit   .   (helmet unavailable)
rElec    .         Reflect  .   u - scarf {repulsion}
rCorr    .         Harm     .   (no gloves)
MR       .....                  (no boots)
Stlth    +.........             (no amulet)
HPRegen  0.16/turn              A - ring of flight
MPRegen  0.12/turn              (no ring)

@: repel missiles
A: permanent stasis, dig shafts and tunnels, four strong arms, antennae 3
a: Dig, Shaft Self, Evoke Flight


You were on level 4 of the Dungeon.
You were hungry.

You visited 1 branch of the dungeon, and saw 4 of its levels.

You collected 170 gold pieces.

Inventory:

Hand Weapons
 a - a +0 hand crossbow
 h - a +0 dagger (weapon)
Armour
 e - a +0 robe (worn)
 u - a scarf of repulsion (worn)
Jewellery
 l - an uncursed ring of protection from magic
 A - a ring of flight (left hand)
Wands
 q - a wand of random effects (22)
 s - a wand of polymorph (19)
 y - a wand of iceblast (3)
Scrolls
 j - 3 scrolls of identify
 k - 2 scrolls of remove curse
 w - a scroll of enchant armour {unknown}
 z - a scroll of teleportation {unknown}
Potions
 b - a potion of magic
 m - a potion of invisibility {unknown}
 n - a potion of lignification {unknown}
 o - a potion of might {unknown}
 p - a potion of resistance {unknown}
 r - a potion of mutation {unknown}
 t - 3 potions of heal wounds
 x - 2 potions of haste
Books
 c - a book of Debilitation

   Spells                             Type                      Level
   a - Corona                         Hexes                        1
   b - Slow                           Hexes                        2
   c - Inner Flame                    Hexes/Fire                   3
   d - Portal Projectile              Hexes/Translocation          3
   e - Cause Fear                     Hexes                        4
   f - Leda's Liquefaction            Hexes/Earth                  4
Comestibles
 f - 5 bread rations
 g - 3 royal jellies
 i - a meat ration


   Skills:
 - Level 1.1 Fighting
 * Level 6.7 Crossbows
 - Level 1.7 Dodging
 - Level 2.0 Spellcasting
 * Level 5.0 Hexes
 - Level 1.0 Translocations
 - Level 1.0 Fire Magic
 * Level 1.2 Evocations


You had 3 spell levels left.
You knew the following spells:

 Your Spells              Type           Power        Failure   Level  Hunger
a - Corona                Hex            ##.....      3%          1    ##.....
b - Portal Projectile     Hex/Tloc       #.....       22%         3    ####...
c - Inner Flame           Hex/Fire       #.......     22%         3    ####...


Dungeon Overview and Level Annotations

Branches:
Dungeon (4/15)
 Temple: D:4-7

Altars:
Ashenzari
Makhleb
Sif Muna


Innate Abilities, Weirdness & Mutations

You cannot be hasted, slowed, berserked, paralysed or teleported.
You can dig through walls and to a lower floor.
Your four strong arms can wield two-handed weapons with a shield.
You have a pair of large antennae on your head. (SInv)


Message History

Press: ? - help, Shift-Dir - straight line, f - orc
Aim: an orc, wielding a short sword and wearing a ring mail (heavily wounded, chance to defeat MR: 68%)
The orc is outlined in light.
The orc misses you.
You hit the orc but do no damage.
The orc is heavily wounded.
You are feeling hungry.
The orc barely misses you.
You hit the orc but do no damage.
The orc is heavily wounded.
The orc hits you with a short sword.
* * * LOW HITPOINT WARNING * * *
All of the chunks of flesh in your inventory have rotted away.
You barely miss the orc.
The orc is heavily wounded.
The orc hits you with a short sword.
* * * LOW HITPOINT WARNING * * *
You hit the orc but do no damage.
The orc is heavily wounded.
The orc hits you with a short sword.
You die...

#........###. #.#(.........###
.#.......# #.#####.........<.....
#.#.#..#.####........##.#.#......
....#..#.......####..##.#.#......
....#..######..####..##.#.#......
#.#.#......##........# #......
....##.........####.## #..(...
#.#.....##.##.########### #######
....###.##.##.#.@oo...((.
....###.##.##.#.#########
#.......##.##.#.....# {{{
#..###..##.#..#####.#{
#..........#..'.....#
#..###..#..#..##########
#..###.....##......# #.#
...........##..##..# #.#
##......#.....###..###.#


You could see 2 orcs.

Vanquished Creatures
  Sigmund (D:2)
  Menkaure (D:4)
  An orc wizard (D:4)
  Natasha (thrice) (D:3)
  An iguana (D:4)
  A worker ant (D:4)
  Robin (D:2)
  7 adders
  An ooze (D:4)
  An adder skeleton (D:2)
  6 worms
  4 orcs
  2 giant cockroaches
  12 goblins
  9 hobgoblins
  4 jackals (D:2)
  6 kobolds
  A quokka (D:3)
  A ball python (D:1)
  6 bats
  5 frilled lizards
  10 rats
84 creatures vanquished.

Notes
Turn   | Place    | Note
-------+----------+-------------------------------------------
     0 | D:1      | JackS81 the Formicid Arcane Marksman began the quest for the Orb.
     0 | D:1      | Reached XP level 1. HP: 15/15 MP: 2/2
    71 | D:1      | Reached XP level 2. HP: 19/21 MP: 3/3
   601 | D:2      | Reached XP level 3. HP: 24/26 MP: 4/4
   606 | D:2      | Learned a level 3 spell: Portal Projectile
   862 | D:2      | Reached skill level 3 in Crossbows
  1266 | D:2      | Reached XP level 4. HP: 28/32 MP: 5/5
  1395 | D:2      | Noticed Sigmund
  1616 | D:2      | Noticed Robin
  1620 | D:2      | Killed Robin
  1818 | D:2      | Killed Sigmund
  1818 | D:2      | Reached skill level 5 in Crossbows
  1818 | D:2      | Reached skill level 1 in Translocations
  1818 | D:2      | Reached XP level 5. HP: 7/37 MP: 4/7
  1818 | D:2      | Reached XP level 6. HP: 9/43 MP: 4/8
  2063 | D:2      | Learned a level 3 spell: Inner Flame
  2178 | D:2      | Found a shattered altar of Ashenzari.
  2183 | D:2      | Found a deep blue altar of Sif Muna.
  2421 | D:3      | Noticed Natasha
  2427 | D:3      | Killed Natasha
  2885 | D:3      | Noticed Natasha
  2898 | D:3      | Killed Natasha
  2898 | D:3      | Noticed Natasha
  2904 | D:3      | Killed Natasha
  2904 | D:3      | Reached XP level 7. HP: 47/48 MP: 3/9
  3049 | D:3      | Reached skill level 6 in Crossbows
  3443 | D:4      | Found a burning altar of Makhleb.
  3725 | D:4      | Noticed Menkaure
  3731 | D:4      | Killed Menkaure
  3731 | D:4      | Reached skill level 5 in Hexes
  3731 | D:4      | Reached skill level 1 in Evocations
  3985 | D:4      | Reached skill level 1 in Fire Magic
  3999 | D:4      | Slain by an orc

Vault maps used:
D:1:      noname_arrival_rooms_in_the_neighbourhood
D:2:      minitemple, uniq_sigmund, uniq_robin
D:3:      first_bread, uniq_natasha
D:4:      wad_pebble_path, marbit_many_paths, lemuel_coloured_pillars_altar,
          roderic_serpentine_path, uniq_menkaure

Skill      XL: |  1  2  3  4  5  6  7 |
---------------+----------------------+-----
Hexes          | 4 5 |  5.0
Crossbows      | 3 5 6 |  6.7
Translocations | 1 |  1.0
Spellcasting   | 2 |  2.0
Evocations     | 1 |  1.2
Fire Magic     | 1 |  1.0
Fighting       | |  1.1
Dodging        | |  1.7

Action                   |  1- 3 |  4- 6 |  7- 9 || total
-------------------------+-------+-------+-------++-------
Melee: Dagger            |       |    32 |    26 ||    58
 Fire: Hand crossbow     |    78 |   131 |    40 ||   249
 Cast: Portal Projectile |     2 |     3 |     4 ||     9
       Corona            |       |     6 |     3 ||     9
Evoke: Wand              |     1 |     2 |       ||     3
  Use: Scroll            |       |       |     4 ||     4
  Eat: Chunk             |     2 |     5 |     4 ||    11
Armor: Robe              |     3 |    13 |     1 ||    17
Dodge: Dodged            |    18 |    52 |    17 ||    87
       Deflected         |       |     1 |     2 ||     3

Table legend:
 A = Spawn XP
 B = Non-spawn XP
 C = Spawn XP percentage of total XP
 D = Spawn monster count
 E = Non-spawn monster count
 F = Spawn count percentage of total count
 G = Total turns spent on level
                    A         B        C        D         E        F      G
               +---------+---------+-------+---------+---------+-------+---------
         Total |       0 |     876 |   0.0 |       0 |      84 |   0.0 |  3999
               +---------+---------+-------+---------+---------+-------+---------
           D:1 |       0 |      28 |   0.0 |       0 |      18 |   0.0 |   600
           D:2 |       0 |     357 |   0.0 |       0 |      31 |   0.0 |  1756
           D:3 |       0 |     198 |   0.0 |       0 |      27 |   0.0 |   984
           D:4 |       0 |     293 |   0.0 |       0 |       8 |   0.0 |   659
               +---------+---------+-------+---------+---------+-------+---------
